 Dungeon Crawl Stone Soup version 0.26-a0-651-gb41185065b (webtiles) character file.

Game seed: 10469998783004757993

77723 nicanaca0 the Severer (level 15, -2/148 HPs)
             Began as a Deep Dwarf Fighter on Oct 4, 2020.
             Was the Champion of Makhleb.
             Slain by Frances
             ... wielding a +1 halberd of protection
              (15 damage)
             ... on level 12 of the Dungeon on Oct 21, 2020.
             The game lasted 01:16:46 (18054 turns).

nicanaca0 the Severer (Deep Dwarf Fighter)         Turns: 18054, Time: 01:16:46

Health: -2/148     AC: 16    Str: 23    XL:     15   Next: 16%
Magic:  14/14      EV:  9    Int: 15    God:    Makhleb [******]
Gold:   1873       SH: 19    Dex: 13    Spells: 14/14 levels left

rFire    + . .     SeeInvis .   a - +3 war axe (vamp)
rCold    + . .     Faith    .   c - +1 kite shield
rNeg     + . .     Spirit   .   y - +1 scale mail "Weng" {rF+ rC+ rCorr Int+4}
rPois    .         Reflect  +   L - +1 helmet
rElec    .         Harm     .   g - +1 cloak
rCorr    +         Rampage  .   (no gloves)
MR       ++++.                  v - +0 pair of boots
Stlth    ..........             R - amulet of reflection
HPRegen  0.00/turn              p - ring of protection from magic
MPRegen  0.14/turn              r - ring of protection from magic

@: non-regenerating, studying Dodging
A: damage resistance, heal wounds, negative energy resistance 1, sense
surroundings 2, no regeneration
a: Heal Wounds, Minor Destruction, Lesser Servant of Makhleb, Major Destruction,
Greater Servant of Makhleb, Renounce Religion


You were on level 12 of the Dungeon.
You worshipped Makhleb.
Makhleb was exalted by your worship.
You visited 4 branches of the dungeon, and saw 21 of its levels.
You also visited: Sewer.

You collected 1873 gold pieces.

Inventory:

Hand Weapons
 a - a +3 vampiric war axe (weapon)
 b - a +3 war axe of flaming
 G - a +1 broad axe of freezing
 N - a +2 whip of electrocution
Missiles
 x - a throwing net
 Q - 6 atropa-tipped darts (quivered)
Armour
 c - a +1 kite shield (worn)
 g - a +1 cloak (worn)
 v - a +0 pair of boots (worn)
 y - the +1 scale mail "Weng" (worn) {rF+ rC+ rCorr Int+4}
   (You found it on level 4 of the Lair of Beasts)

   It affects your intelligence (+4).
   It protects you from fire.
   It protects you from cold.
   It provides partial protection from all sources of acid and corrosion.
 L - a +1 helmet (worn)
Jewellery
 p - a ring of protection from magic (left hand)
 r - a ring of protection from magic (right hand)
 s - an uncursed ring of stealth
 B - an uncursed ring of protection from fire
 J - an uncursed ring of resist corrosion
 P - a +6 ring of strength
 R - an amulet of reflection (around neck)
Wands
 l - a wand of digging (8)
 n - a wand of enslavement (7)
 o - a wand of disintegration (17)
 q - a wand of random effects (23)
 C - a wand of acid (29)
 M - a wand of paralysis (4)
 S - a wand of iceblast (9)
 T - a wand of polymorph (20)
Scrolls
 f - a scroll of fear
 j - 5 scrolls of teleportation
 k - 16 scrolls of remove curse
 t - 2 scrolls of magic mapping
 z - 9 scrolls of amnesia
 F - a scroll of identify
 I - 3 scrolls of fog
 K - 5 scrolls of immolation
 O - 2 scrolls of summoning {unknown}
 V - a scroll of brand weapon
Potions
 d - 2 potions of might
 e - a potion of mutation
 i - 2 potions of haste
 m - 11 potions of curing
 u - 3 potions of stabbing
 w - 2 potions of lignification
 A - 2 potions of ambrosia
 E - 6 potions of flight
 H - a potion of brilliance
 U - a potion of berserk rage
 X - 2 potions of resistance
Books
 D - a manual of Dodging
Miscellaneous
 h - a box of beasts (3/3)
 W - a lightning rod (4/4)


   Skills:
 * Level 13.4 Fighting
 * Level 17.1 Axes
 + Level 11.3 Armour
 + Level 11.3 Shields
 + Level 9.8 Invocations
 - Level 5.0 Evocations


You had 14 spell levels left.
You didn't know any spells.
Your spell library contained the following spells:

 Spells                   Type           Power        Failure   Level
 Animate Skeleton         Necr           #.....       65%         1
 Apportation              Tloc           #.....       65%         1
 Corona                   Hex            #......      65%         1
 Foxfire                  Conj/Fire      #...         65%         1
 Summon Small Mammal      Summ           #...         65%         1
 Corpse Rot               Necr/Air       N/A          80%         2
 Sublimation of Blood     Necr           #.........   80%         2
 Confusing Touch          Hex            #.......     95%         3
 Conjure Flame            Conj/Fire      #.......     95%         3
 Gell's Gravitas          Tloc           #.........   95%         3
 Ignite Poison            Fire/Tmut/Pois #.......     95%         3
 Inner Flame              Hex/Fire       #.......     95%         3
 Dispel Undead            Necr           #.......     100%        4
 Iskenderun's Mystic Bla  Conj/Tloc      #.......     100%        4
 Petrify                  Tmut/Erth      #.......     100%        4
 Sticky Flame             Conj/Fire      #.......     100%        4
 Agony                    Necr           #.......     100%        5
 Excruciating Wounds      Necr           #.........   100%        5
 Fireball                 Conj/Fire      #.........   100%        5
 Metabolic Englaciation   Hex/Ice        #.........   100%        5
 Yara's Violent Unravell  Hex/Tmut       #.........   100%        5
 Starburst                Conj/Fire      #.........   100%        6
 Malign Gateway           Summ/Tloc      #.........   100%        7
 Disjunction              Tloc           #.........   100%        8
 Ignition                 Fire           #.........   100%        8


Dungeon Overview and Level Annotations

Branches:
Dungeon (12/15)            Temple (1/1) D:4            Lair (6/6) D:9
  Swamp (0/4) Lair:4        Snake (0/4) Lair:4        Slime (0/5) Lair:5
    Orc (2/2) D:10            Elf (0/3) Orc:2         Sewer (visited)

Altars:
Ashenzari
Cheibriados
Dithmenos
Elyvilon
Fedhas
Gozag
Hepliaklqana
Kikubaaqudgha
Makhleb
Nemelex Xobeh
Okawaru
Qazlal
Ru
Sif Muna
Trog
Uskayaw
Vehumet
Wu Jian
Xom
Yredelemnul
Zin
The Shining One
Beogh

Shops:
D:7 ?   Orc:2 [(:*

Annotations:
D:3 1 runed translucent door, Lanoc's ghost, weakling FoBe
D:4 3 runed translucent doors, catramo's ghost, novice DrCj
D:10 3 runed translucent doors, harkrass's ghost, journeyman MiFi
D:12 Frances
Lair:3 exclusion: door


Innate Abilities, Weirdness & Mutations

You are resistant to damage.
You can heal yourself by infusing magical energy.
You resist negative energy. (rN+)
You passively map the area around you.
You do not regenerate.


Message History

The sun demon hits you but does no damage.
The soul eater hits you!! You block the hellwing's attack. x2
Frances mutters in a terrible tongue.
The iron shot hits you!!!
* * * LOW HITPOINT WARNING * * *
You hit Frances but do no damage.
Frances is almost dead.
You closely miss the hellwing. You hit the sun demon.
You closely miss the soul eater. You block the sun demon's attack.
Frances hits you with a +1 halberd of protection!!
* * * LOW HITPOINT WARNING * * *
The soul eater hits you but does no damage.
You completely miss Frances.
Frances is almost dead.
You barely miss the soul eater. You hit the sun demon but do no damage.
You hit the hellwing but do no damage.
The hellwing hits you but does no damage.
You block the hellwing's attack. The sun demon barely misses you.
Frances hits you with a +1 halberd of protection!!
You die...

*, ,, .........).........
*
*#.............#...#.....
* , #..
.......#..#<.###.... ,....
......#..#...###...
,,.....#....###.........#.
,,.....#....$........#.†..
, ...................#....
, ......@33...............
.<.....@.###........##.. ,
,.......4..........#.....
, ........#........#......
*,..........###....#.....#
##...#.##.)...#..#.....#
...###.......#..#.......
..# #........#....##....
## ###.....(##...######
#...#####.....#


You could see Frances (fast), a soul eater (summoned), a sun demon (summoned)
and a hellwing (summoned).

Vanquished Creatures
  An orc warlord (Orc:2)
  2 entropy weavers (Lair:3)
  2 ettins (Orc:2)
  Harold (D:7)
  A merfolk avatar (Lair:6)
  5 hydras
  A catoblepas (Lair:5)
  6 two-headed ogres
  4 orc high priests (Orc:2)
  5 fire crabs (Lair:3)
  A sea snake (Lair:6)
  6 orc knights
  3 orc sorcerers (Orc:2)
  An ugly thing (D:12)
  5 manticores
  A cyclops (D:12)
  Maurice (D:11)
  Joseph (D:10)
  4 elephants
  3 black mambas
  19 cane toads
  Maggie (D:10)
  A torpor snail (Lair:3)
  7 rime drakes
  13 komodo dragons
  3 meliai (Lair:4)
  3 trolls
  2 queen bees
  2 polar bears (Lair:6)
  12 dream sheep
  5 hornets (Lair:6)
  17 blink frogs
  9 hippogriffs
  A wraith (D:11)
  43 yaks
  4 wyverns
  5 basilisks
  A warg (Orc:1)
  2 nagas (Lair:4)
  An acid dragon (D:11)
  19 water moccasins
  5 porcupines
  2 black bears
  A sky beast (D:12)
  37 orc warriors
  22 ogres
  4 ice beasts
  A phantom (D:5)
  A necrophage (D:8)
  17 wolves
  8 centaurs
  15 crocodiles
  4 big kobolds
  8 bullfrogs
  A wyvern zombie (D:11)
  A scorpion (D:5)
  58 killer bees
  8 wights
  5 electric eels
  A howler monkey (D:6)
  A centaur zombie (D:8)
  7 hounds
  A centaur skeleton (D:10)
  5 jellies
  28 orc priests
  23 orc wizards
  2 bullfrog skeletons
  6 iguanas
  Terence (D:2)
  8 worker ants
  2 hound skeletons
  4 gnolls (Orc:1)
  11 adders
  7 river rats
  A shadow imp (D:5)
  An ufetubus (D:5)
  6 oozes
  4 worms
  2 adder skeletons
  An adder zombie (D:6)
  2 dart slugs
  6 leopard geckos
  93 orcs
  2 goblins
  3 hobgoblins
  10 jackals
  4 quokkas
  4 ball pythons (Sewer)
  7 bats
  3 frilled lizards
  A jackal skeleton (D:6)
  34 kobolds
  3 quokka skeletons
  28 rats
744 creatures vanquished.

Vanquished Creatures (collateral kills)
  A two-headed ogre (D:7)
  An ugly thing (D:10)
  3 orc warriors (D:10)
  A phantom (D:10)
  3 killer bees (Lair:1)
  An orc wizard (D:6)
  A hound skeleton (D:6)
  5 orcs
16 creatures vanquished.

Vanquished Creatures (others)
  A hydra (Lair:6)
  A black mamba (Lair:5)
  A cane toad (Lair:6)
  A water moccasin (Lair:6)
  A killer bee (Lair:1)
  A kobold (D:11)
  53 fungi
  123 plants
182 creatures vanquished.

Grand Total: 942 creatures vanquished

Notes
Turn   | Place    | Note
-------+----------+-------------------------------------------
     0 | D:1      | nicanaca0 the Deep Dwarf Fighter began the quest for the
                  | Orb.
     0 | D:1      | Reached XP level 1. HP: 20/20 MP: 1/1
   373 | D:1      | Reached XP level 2. HP: 27/27 MP: 2/2
   714 | D:2      | Noticed Terence
   737 | D:2      | Killed Terence
   737 | D:2      | Reached skill level 3 in Axes
   737 | D:2      | Reached XP level 3. HP: 22/34 MP: 3/3
  1166 | D:2      | Found an iron altar of Okawaru.
  1318 | D:3      | Reached skill level 4 in Axes
  1318 | D:3      | Reached XP level 4. HP: 39/42 MP: 4/4
  1355 | D:3      | Noticed Lanoc's ghost (weakling FoBe)
  1358 | D:3      | Found a runed translucent door.
  2196 | D:4      | Found a staircase to the Ecumenical Temple.
  2243 | Temple   | Entered the Ecumenical Temple
  2289 | Temple   | Became a worshipper of Makhleb the Destroyer
  2329 | D:4      | Found an ornate altar of the Wu Jian Council.
  2435 | D:4      | Reached XP level 5. HP: 38/49 MP: 5/5
  2494 | D:4      | Reached skill level 1 in Invocations
  2579 | D:4      | Found a runed translucent gate.
  2579 | D:4      | Found a runed translucent gate.
  2579 | D:4      | Found a runed translucent gate.
  2579 | D:4      | Noticed catramo's ghost (novice DrCj)
  2613 | D:4      | Found a glowing drain.
  2619 | Sewer    | Entered a sewer
  2639 | Sewer    | Reached skill level 5 in Axes
  2676 | Sewer    | Reached * piety under Makhleb
  2756 | Sewer    | Reached XP level 6. HP: 57/57 MP: 7/7
  2853 | Sewer    | Reached skill level 1 in Evocations
  3177 | D:4      | Reached ** piety under Makhleb
  3359 | D:4      | Found a blossoming altar of Fedhas.
  3429 | D:4      | Reached XP level 7. HP: 64/64 MP: 8/8
  3690 | D:5      | Entered Level 5 of the Dungeon
  4262 | D:5      | Reached skill level 6 in Axes
  4656 | D:6      | Reached XP level 8. HP: 12/73 MP: 9/9
  4708 | D:6      | Reached skill level 5 in Shields
  4776 | D:6      | Reached skill level 5 in Armour
  4821 | D:6      | Reached *** piety under Makhleb
  4821 | D:6      | Reached skill level 7 in Axes
  5037 | D:6      | Reached skill level 5 in Invocations
  5041 | D:6      | Reached skill level 5 in Fighting
  5226 | D:6      | Reached skill level 8 in Axes
  5226 | D:6      | Reached skill level 5 in Evocations
  5307 | D:6      | Found a glowing silver altar of Zin.
  5435 | D:7      | Found Zyas's Magic Scroll Emporium.
  5622 | D:7      | Found a broken altar of Ashenzari.
  5858 | D:7      | Noticed Harold
  5884 | D:7      | Killed Harold
  5884 | D:7      | Reached skill level 9 in Axes
  5884 | D:7      | Gained mutation: You passively map the area around you.
                  | [Deep Dwarf growth]
  5884 | D:7      | Reached XP level 9. HP: 46/82 MP: 10/10
  6372 | D:8      | Noticed a two-headed ogre
  6428 | D:7      | Killed a two-headed ogre
  6428 | D:7      | Reached skill level 10 in Axes
  6591 | D:8      | Reached **** piety under Makhleb
  6591 | D:8      | Reached skill level 11 in Axes
  6673 | D:8      | Reached XP level 10. HP: 89/94 MP: 10/10
  6775 | D:8      | Found a shimmering blue altar of Sif Muna.
  7215 | D:9      | Found a hide-covered altar of Uskayaw.
  7551 | D:9      | Found a bloodstained altar of Trog.
  7551 | D:9      | Found a snail-covered altar of Cheibriados.
  7551 | D:9      | Found an iron altar of Okawaru.
  7720 | D:9      | Reached ***** piety under Makhleb
  7880 | D:9      | Found a staircase to the Lair.
  7966 | D:10     | Entered Level 10 of the Dungeon
  8007 | D:10     | Reached skill level 12 in Axes
  8118 | D:10     | Noticed Maggie
  8127 | D:10     | Killed Maggie
  8157 | D:10     | Noticed Joseph
  8166 | D:10     | Killed Joseph
  8318 | D:10     | Found a runed translucent gate.
  8318 | D:10     | Found a runed translucent gate.
  8318 | D:10     | Found a runed translucent gate.
  8319 | D:10     | Noticed a spectral centaur warrior
  8319 | D:10     | Noticed a spectral centaur warrior
  8319 | D:10     | Noticed harkrass's ghost (journeyman MiFi)
  8320 | D:10     | Noticed a spectral centaur warrior
  8590 | D:10     | Reached XP level 11. HP: 87/103 MP: 12/12
  8666 | D:10     | Found a staircase to the Orcish Mines.
  8769 | D:11     | Noticed a red ugly thing
  8811 | D:10     | Killed a red ugly thing
  8887 | Lair:1   | Entered Level 1 of the Lair of Beasts
  9643 | Lair:1   | Reached skill level 13 in Axes
 10577 | Lair:3   | Reached XP level 12. HP: 112/116 MP: 13/13
 10645 | Lair:3   | Reached skill level 10 in Fighting
 10757 | Lair:3   | Reached skill level 14 in Axes
 10793 | Lair:3   | Found a burning altar of Makhleb.
 10992 | Lair:3   | Found a runed translucent door.
 11040 | Lair:3   | Noticed an entropy weaver
 11057 | Lair:3   | Killed an entropy weaver
 11072 | Lair:3   | Noticed an entropy weaver
 11641 | Lair:3   | Killed an entropy weaver
 11697 | Lair:3   | Noticed a ghost crab
 12072 | Lair:4   | Reached XP level 13. HP: 104/127 MP: 12/12
 12082 | Lair:4   | Found a staircase to the Snake Pit.
 12114 | Lair:4   | Reached skill level 15 in Axes
 12514 | Lair:4   | Reached ****** piety under Makhleb
 12548 | Lair:4   | Got a translucent scale mail
 12558 | Lair:4   | Identified the +1 scale mail "Weng" {rF+ rC+ rCorr Int+4}
                  | (You found it on level 4 of the Lair of Beasts)
 12863 | Lair:4   | Found a staircase to the Swamp.
 13184 | Lair:5   | Reached skill level 10 in Armour
 13228 | Lair:5   | Found a staircase to the Slime Pits.
 13432 | Lair:5   | Reached skill level 10 in Shields
 13868 | Lair:6   | Entered Level 6 of the Lair of Beasts
 13969 | Lair:6   | Paralysed by a hornet for 2 turns
 13986 | Lair:6   | Paralysed by a hornet for 1 turns
 13998 | Lair:6   | HP: 6/129 [six-headed hydra (7)]
 14008 | Lair:6   | Gained mutation: You resist negative energy. (rN+) [Deep
                  | Dwarf growth]
 14008 | Lair:6   | Reached XP level 14. HP: 12/138 MP: 13/13
 14168 | Lair:6   | Reached skill level 16 in Axes
 14588 | Lair:6   | HP: 3/139 [drowned by a drowned soul[a merfolk avatar]
                  | (11)]
 14602 | Lair:6   | Identified the Incunabulum of Orientation
 15162 | Orc:1    | Entered Level 1 of the Orcish Mines
 15352 | Orc:2    | Entered Level 2 of the Orcish Mines
 16037 | Orc:2    | Found a staircase to the Elven Halls.
 16213 | Orc:2    | Noticed an orc warlord
 16245 | Orc:2    | HP: 7/141 [orc warrior/+0 vorpal hand axe[an orc warlord]
                  | (3)]
 16250 | Orc:2    | Killed an orc warlord
 16271 | Orc:2    | Found a roughly hewn altar of Beogh.
 16315 | Orc:2    | Found Fuefebb's General Store.
 16393 | Orc:2    | Found Zerylut's Book Boutique.
 16674 | Orc:2    | Found a roughly hewn altar of Beogh.
 16787 | Orc:2    | Found Pephecaps's Weapon Emporium.
 16818 | Orc:2    | Found Fumuyb's Armour Shoppe.
 16825 | Orc:2    | Reached XP level 15. HP: 111/148 MP: 14/14
 16843 | Orc:2    | Reached skill level 17 in Axes
 17631 | D:11     | Noticed Maurice
 17644 | D:11     | Killed Maurice
 18029 | D:12     | Noticed Frances
 18054 | D:12     | Slain by Frances

Illustrated notes

Levels and vault maps discovered:
D:1:      roderic_crop_circles_arrival_small, layout_loops_ring,
          minmay_liquid_box
D:2:      layout_rooms, okawaru_altar_gauntlet_db, uniq_terence
D:3:      layout_basic, hellmonk_ghost_happy_afterlife
D:4:      layout_cave_pools, nicolae_overflow_hidden_temple,
          lemuel_doored_altar, minmay_temple_entry_gardened_gates,
          gammafunk_ghost_necromancy, lightli_sewer_entry_pipes,
          minmay_manual_mail
D:5:      layout_basic
D:6:      layout_cave_pools, marbit_many_paths
D:7:      layout_cave_pods, cheibrodos_ashenzari_chains, serial_shops,
          shop_fountains, uniq_harold
D:8:      layout_cave_pools, lemuel_blue_sif_altar
D:9:      layout_gridville, overflow_temple_1_default,
          gammafunk_temple_overflow_forgotten, lair_entry_dummy
D:10:     layout_roguey, david_orc_4, gammafunk_ghost_necromancy,
          minmay_misc_feat_cross, uniq_joseph, uniq_maggie
D:11:     layout_basic, serial_corexii_hall, corexii_hall_statues_x,
          corexii_hall_statues_l, st_stairs_1, uniq_maurice
D:12:     layout_cave_pools, uniq_frances
Temple:   nicolae_temple_god_jail
Lair:1:   layout_roguey, special_room [special_room_bee]
Lair:2:   layout_misc_corridors
Lair:3:   gammafunk_mikee_crab_dinner, layout_regular_city, basic_altar,
          chequers_serial_rivers_large_a
Lair:4:   regret_index_wax_grids, layout_regular_city, swamp_mist,
          minmay_snake_entry_guardpost_small, serial_bayou_shore_a
Lair:5:   layout_regular_city, nicolae_slime_entry_slimehenge
Lair:6:   gammafunk_lair_ancient_temple, layout_regular_city
Orc:1:    layout_diamond_mine, uniq_sonja
Orc:2:    pubby_orc_utopia, serial_shops

Skill      XL: |  1  2  3  4  5  6  7  8  9 10 11 12 13 14 15 |
---------------+----------------------------------------------+-----
Fighting       | 3 4 6 7 8 9 11 12 13 | 13.4
Axes           | 3 4 5 6 9 11 12 13 14 15 16 17 | 17.1
Invocations    | 1 2 3 5 6 7 9 |  9.8
Shields        | 4 5 6 7 9 10 11 | 11.3
Evocations     | 2 3 5 |  5.0
Armour         | 4 5 6 7 9 10 11 | 11.3

Action                   |  1- 3 |  4- 6 |  7- 9 | 10-12 | 13-15 || total
-------------------------+-------+-------+-------+-------+-------++-------
Melee: War axe           |    95 |   283 |   300 |   821 |  1103 ||  2602
       Broad axe         |       |       |       |       |   103 ||   103
       Whip              |       |       |       |       |    53 ||    53
Throw: Boomerang         |       |       |     3 |       |       ||     3
       Dart              |       |       |     4 |     1 |     4 ||     9
Invok: Lesser Servant of |       |       |     2 |    12 |     2 ||    16
       Minor Destruction |       |       |     1 |       |     1 ||     2
 Abil: Heal Wounds       |     1 |     4 |    10 |    10 |    23 ||    48
Evoke: Wand              |       |     1 |     3 |    31 |       ||    35
  Use: Scroll            |       |       |     4 |    11 |    23 ||    38
       Potion            |       |       |       |     3 |    11 ||    14
 Stab: Held in net/web   |       |       |     1 |       |       ||     1
       Paralysed         |       |       |       |    41 |       ||    41
       Distracted        |       |       |       |     2 |       ||     2
       Petrified         |       |       |       |       |     2 ||     2
Armor: Scale mail        |    51 |   127 |    87 |       |   316 ||   581
       Plate armour      |       |       |    44 |   385 |    78 ||   507
Dodge: Dodged            |    35 |    72 |   107 |   163 |   260 ||   637
Block: Kite shield       |    67 |   160 |    74 |   748 |  1054 ||  2103
       Buckler           |       |       |    71 |    28 |       ||    99
       Reflection        |       |       |     3 |    19 |    44 ||    66

Table legend: (Time is in decaauts)
 A = Elapsed time spent in this place.
 B = Non-inter-level travel time spent in this place.
 C = Inter-level travel time spent in this place.
 D = Time resting spent in this place.
 E = Time spent auto-exploring this place.
 F = Levels seen in this place.
 G = Mean time per level.
                   A        B        C        D        E       F      G
               +--------+--------+--------+--------+--------+-----+--------+
         Total |  17958 |  16892 |   1066 |    548 |  10446 |  22 |  816.3 |
       Dungeon |   9477 |   8752 |    725 |    103 |   5826 |  12 |  789.8 |
        Temple |     59 |     40 |     19 |      0 |     39 |   1 |   59.0 |
          Lair |   6034 |   5802 |    232 |    245 |   3394 |   6 | 1005.7 |
  Orcish Mines |   1805 |   1716 |     89 |    200 |    858 |   2 |  902.5 |
         Sewer |    582 |    582 |      0 |      0 |    328 |   1 |  582.0 |
               +--------+--------+--------+--------+--------+-----+--------+

Top non-repeatable levels by time:
   Orc:2: 1617 daAuts
  Lair:3: 1412 daAuts
  Lair:4: 1150 daAuts
     D:4: 1025 daAuts
     D:9: 988 daAuts
    D:10: 963 daAuts
  Lair:6: 944 daAuts
     D:3: 940 daAuts
  Lair:1: 934 daAuts
     D:6: 925 daAuts
  Lair:5: 917 daAuts
     D:7: 890 daAuts
     D:5: 867 daAuts
    D:11: 776 daAuts
     D:1: 710 daAuts
